AoeStats
← jure53

Scandinavia

510749311Analyzed
1v1 RM · 1d ago on Oct 2, 2026· 25m 1s· 2 players
Game mode
Random Map
Map size
Tiny (2 player)
Population
200
Speed
Normal
Resources
Standard
Victory
Conquest
Starting age
Dark Age
Ending age
Imperial Age
RankedLock teamsTeams togetherTeam positionsShared explorationLock speedFull tech treeHidden civsTurbo modeCheats
Victory
Defeat
🇸🇮 Maya · Slovenia
1361
+14
🇺🇸 Franks · United States
1325
-14
SecondArmorUpgrade
6:24 Loom
8:59 Feudal Age
9:58 Double-Bit Axe
15:14 Wheelbarrow
18:29 Castle Age
17:44 Padded Archer Armor
17:35 Fletching
21:01 Bodkin Arrow
jure53
0:30 Loom
12:15 Feudal Age
16:19 Castle Age
14:47 Double-Bit Axe
14:56 Stone Mining
16:48 Fletching
16:40 Horse Collar
16:53 Gold Mining
18:04 Fishing Lines
19:02 Bodkin Arrow
Connection lost

Rejoining the realm…

Still unreachable

The connection could not be restored.

Session expired

The server has moved on; the page needs a fresh start.